 Dungeon Crawl Stone Soup version 0.29.0-11-gd7f09526c8 (webtiles) character file.

Game seed: 13970009895222083544

6574 browni3141 the Covert (level 10, -2/45 HPs)
             Began as a Spriggan Transmuter on Sept 5, 2022.
             Shot with an arrow by a centaur (10 damage)
             ... on level 8 of the Dungeon.
             The game lasted 00:31:11 (11510 turns).

browni3141 the Covert (Spriggan Transmuter)        Turns: 11510, Time: 00:31:12

Health: -2/45      AC:  5    Str:  6    XL:     10   Next: 70%
Magic:  15/15      EV: 18    Int: 14    God:
Gold:   524        SH:  0    Dex: 21    Spells: 11/14 levels left

rFire   . . .      SeeInvis +   b - +5 sling "Oschowuh" {speed, rPois Will+}
rCold   . . .      Faith    .   (no shield)
rNeg    . . .      Spirit   .   w - +0 troll leather armour {Pargi}
rPois   +          Reflect  .   (helmet restricted)
rElec   .          Harm     .   v - +0 cloak
rCorr   .          Rampage  .   (gloves unavailable)
Will    ++...                   (boots unavailable)
Stlth   ++++++....              r - amulet of magic regeneration
HPRegen 0.95/turn               (no ring)
MPRegen 0.54/turn               (no ring)

@: very quick
A: very small, no large weapons, unfitting armour, see invisible, speed 3
a: no special abilities


You were on level 8 of the Dungeon.
You visited 2 branches of the dungeon, and saw 10 of its levels.
You also visited: Sewer and Ossuary.

You collected 524 gold pieces.


Innate Abilities, Weirdness & Mutations

You are very small and have problems with some larger weapons.
You are too small for most types of armour.
You have supernaturally acute eyesight. (SInv)
You cover ground extremely quickly. (Speed+++)


   Skills:
 - Level 1.0 Fighting
 - Level 8.0 Short Blades
 * Level 9.7 Ranged Weapons
 - Level 4.0 Dodging
 * Level 14.7 Stealth
 - Level 2.4 Unarmed Combat
 - Level 2.6 Spellcasting
 - Level 5.0 Hexes
 - Level 2.6 Transmutations


You had 11 spell levels left.
You knew the following spells:

 Your Spells              Type           Power      Damage    Failure   Level
e - Beastly Appendage     Tmut           18%        N/A       12%         1
z - Ensorcelled Hibernat  Hex/Ice        16%        N/A       19%         2

Your spell library contained the following spells:

 Spells                   Type           Power      Damage    Failure   Level
 Wereblood                Tmut           9%         N/A       17%         2
 Summon Small Mammal      Summ           4%         N/A       34%         1
 Summon Guardian Golem    Hex/Summ       8%         N/A       36%         3
 Sublimation of Blood     Necr           1%         N/A       45%         2
 Spider Form              Tmut/Pois      5%         N/A       52%         3
 Call Canine Familiar     Summ           1%         N/A       71%         3
 Anguish                  Hex/Necr       4%         N/A       77%         4
 Ice Form                 Ice/Tmut       5%         N/A       89%         4
 Animate Dead             Necr           1%         N/A       98%         4
 Borgnjor's Vile Clutch   Necr/Erth      0%         N/A       100%        5
 Death Channel            Necr           0%         N/A       100%        6
 Summon Hydra             Summ           0%         N/A       100%        7

Inventory:

Hand Weapons
 a - a +0 rapier
 b - the +5 sling "Oschowuh" (weapon) {speed, rPois Will+}
   (You found it on level 8 of the Dungeon)

   Attacks with this weapon are significantly faster.
   rPois:     It protects you from poison.
   Will:      It increases your willpower.
 G - a +0 shortbow
 O - a +2 scimitar of flaming
Missiles
 l - 19 poisoned darts {@f3}
 q - 5 datura-tipped darts
 z - 2 atropa-tipped darts
 J - a curare-tipped dart {@f4}
Armour
 v - a +0 cloak (worn)
 w - a +0 troll leather armour (worn) {Pargi}
 A - a +0 robe of willpower
 M - a +0 robe
 N - +0 steam dragon scales
Jewellery
 g - an amulet of regeneration
 r - an amulet of magic regeneration (around neck)
Wands
 s - a wand of iceblast (4)
 H - a wand of quicksilver (8)
 L - a wand of flame (7)
Scrolls
 c - 3 scrolls of enchant weapon
 d - 3 scrolls of vulnerability {!r}
 e - 3 scrolls of blinking {@r3}
 f - 5 scrolls of teleportation {@r4}
 j - 2 scrolls of brand weapon {unknown}
 k - 4 scrolls of amnesia
 n - a scroll of butterflies
 o - 4 scrolls of magic mapping {unknown}
 t - a scroll of poison {!r@f3}
 y - a scroll of silence {!r}
 C - 4 scrolls of enchant armour
 F - a scroll of fear
 I - a scroll of torment {!r}
Potions
 h - a potion of flight {unknown}
 i - 3 potions of might {unknown}
 m - 4 potions of attraction {unknown}
 p - 4 potions of haste {unknown}
 u - a potion of heal wounds {unknown}
 x - 2 potions of invisibility {unknown}
 B - 2 potions of mutation {unknown}
 D - a potion of brilliance {unknown}
 E - a potion of degeneration {unknown}
 K - 9 potions of curing {@q1}

Dungeon Overview and Level Annotations

Branches:
Dungeon (9/15)             Temple (1/1) D:6           Sewer (visited)
Ossuary (visited)
   Lair: D:8-11         Orc: D:9-12

Altars:
Ashenzari
Cheibriados
Fedhas
Gozag
Kikubaaqudgha
Makhleb
Qazlal
Ru
Sif Muna
Trog
Vehumet
Xom
Yredelemnul
Zin

Annotations:
D:5 exclusion: door
D:7 exclusion: downstairs
D:8 exclusion: centaur, Joseph

≈≈≈~~~♣~~~♣ #.....# #h...#....
≈≈~~PP~P~~♣ #.....####....#.###
≈≈≈~~~~P~~P~. #####.......###.##.
≈≈≈P~~P~P #. #..........#...#..
≈≈ ~P~~~##.. #....#.....#(..#.. ~
♣..... #...##.....##..##. ~
......###'##.......##'###
...........#.......#.....
........@..#.......#.....
≈≈≈≈≈≈≈~...#.......'.....
###≈≈~≈≈~~~~~~≈≈####.......#'####
...≈~≈≈~≈≈≈≈≈≈~≈# ####..........
../≈~≈~≈≈~~~)≈≈~. #..........
...≈~≈~≈~≈≈≈≈~≈≈. #..........
...≈~≈~≈.c.~≈≈~≈.. #..........
...≈~≈~≈.c.≈~≈~≈.. #..........
...≈~≈≈~...≈~≈~≈##. #..........


You could see 2 centaurs.


Message History

A centaur is nearby!
You shoot a sling bullet. The centaur shouts!
The sling bullet hits the centaur!
The centaur is heavily wounded.
You hear a shout!
The centaur shoots an arrow.
The arrow hits you.
You hear a shout!
You shoot a sling bullet. The sling bullet hits the centaur!
The centaur is severely wounded.
The centaur shoots an arrow.
The arrow hits you.
You shoot a sling bullet. The sling bullet hits the centaur!
You kill the centaur!
You hear a splash.
There is an open door here.
H - a wand of quicksilver (8) (gained 4 charges)
You enter the shallow water.
Moving in this stuff is going to be slow.
The centaur wields a +0 shortbow.
The centaur shoots an arrow.
The arrow hits you!
You shoot a sling bullet.
The sling bullet barely misses the centaur.
A centaur comes into view.
The centaur shoots an arrow.
The arrow hits you!
* * * LOW HITPOINT WARNING * * *
The centaur wields a +0 shortbow.
The centaur shoots an arrow.
The arrow hits you!
* * * LOW HITPOINT WARNING * * *
The centaur shoots an arrow.
The arrow hits you!
You die...

Skill      XL: |  1  2  3  4  5  6  7  8  9 10 |
---------------+-------------------------------+-----
Fighting       | 1 |  1.0
Stealth        | 2 3 8 12 14 | 14.7
Dodging        | 3 4 |  4.0
Hexes          | 1 3 4 5 |  5.0
Short Blades   | 1 2 3 4 8 |  8.0
Ranged Weapons | 1 2 4 6 8 9 |  9.7
Unarmed Combat | |  2.4
Spellcasting   | |  2.6
Transmutations | |  2.6

Action                   |  1- 3 |  4- 6 |  7- 9 | 10-12 || total
-------------------------+-------+-------+-------+-------++-------
Melee: Unarmed           |   113 |     2 |       |       ||   115
       Kick              |    29 |    16 |    32 |       ||    77
       Headbutt          |    18 |     5 |    23 |       ||    46
       Punch             |     2 |     3 |     3 |       ||     8
       Rapier            |       |    56 |   187 |    22 ||   265
 Fire: Sling             |    25 |    66 |   188 |    37 ||   316
       Shortbow          |       |       |   241 |    51 ||   292
Throw: Dart              |       |     2 |    10 |       ||    12
 Cast: Beastly Appendage |    26 |     8 |    13 |       ||    47
       Ensorcelled Hiber |       |     6 |    30 |    35 ||    71
Evoke: Wand              |       |     5 |     5 |     2 ||    12
  Use: Potion            |       |       |     1 |     1 ||     2
       Scroll            |       |       |       |    11 ||    11
 Stab: Sleeping          |     3 |     9 |    20 |    15 ||    47
       Distracted        |       |       |     1 |       ||     1
Armor: Robe              |     9 |     3 |       |       ||    12
       Troll leather arm |       |     5 |    53 |     5 ||    63
       Skin              |       |       |    10 |       ||    10
Dodge: Dodged            |    83 |    66 |   293 |    71 ||   513

Levels and vault maps discovered:
D:1:      scummos_arrival_forest, layout_rooms,
          dreamdust_ecumenical_altar_hidden_monk_grotto
D:2:      layout_basic, kennysheep_cross_room
D:3:      layout_basic, lemuel_tele_altar, xom_redecorated
D:4:      layout_basic, slow_altar_2, cheibrodos_sewer_entry_sluice,
          minmay_stone_trees_medium, uniq_ijyb
D:5:      layout_basic, mainiacjoe_overflow_divided_tiny, enter_ossuary_4,
          ebering_ghost_sewer_d, corexii_checkpoint_a, solitary_fountain,
          uniq_blork_the_orc
D:6:      layout_layer_cave, mainiacjoe_overflow_surrounded_room,
          mainiacjoe_overflow_cross_hatched, bloody_makhleb,
          minmay_temple_entry_mist, uniq_menkaure
D:7:      layout_loops_ring, minmay_misc_feat_alley, uniq_duvessa
D:8:      nicolae_whirlpool, layout_gridville, serial_bayou,
          serial_bayou_pond_d, serial_bayou_ford_a, serial_bayou_lake_a,
          serial_bayou_crossing, serial_bayou_pond_b, serial_bayou_shore_b,
          uniq_erica, uniq_maggie, uniq_joseph, uniq_grum
D:9:      layout_loops_ring, nicolae_hepliaklqana_hazy_memory, david_orc_4,
          enter_bailey_2, serial_shops, shop
Temple:   hellmonk_temple_flake

Notes
Turn   | Place    | Note
-------+----------+-------------------------------------------
     0 | D:1      | browni3141 the Spriggan Transmuter began the quest for the
                  | Orb.
     0 | D:1      | Reached XP level 1. HP: 9/9 MP: 5/5
    62 | D:1      | Reached skill level 1 in Fighting
   166 | D:1      | Reached skill level 1 in Stealth
   292 | D:1      | Reached skill level 3 in Dodging
   402 | D:1      | Reached skill level 2 in Stealth
   402 | D:1      | Reached XP level 2. HP: 3/14 MP: 4/6
   750 | D:1      | Reached skill level 3 in Stealth
   998 | D:1      | Found a faded altar of an unknown god.
  1285 | D:2      | Learned a level 2 spell: Ensorcelled Hibernation
  1341 | D:2      | Reached skill level 1 in Hexes
  1341 | D:2      | Reached XP level 3. HP: 13/18 MP: 8/8
  1872 | D:2      | Reached skill level 2 in Hexes
  2514 | D:3      | Reached skill level 3 in Hexes
  2514 | D:3      | Reached XP level 4. HP: 18/22 MP: 9/9
  2693 | D:3      | Found a shimmering altar of Xom.
  2898 | D:3      | Found a shimmering altar of Xom.
  3059 | D:3      | Reached skill level 1 in Short Blades
  3059 | D:3      | Reached skill level 1 in Ranged Weapons
  3367 | D:3      | Found a shimmering blue altar of Sif Muna.
  3434 | D:3      | Reached XP level 5. HP: 25/25 MP: 10/10
  3800 | D:4      | Found a glowing drain.
  3800 | D:4      | Noticed a phantom
  3810 | Sewer    | Entered a sewer
  3946 | Sewer    | Noticed Pargi
  4059 | Sewer    | Killed Pargi
  4060 | Sewer    | Reached skill level 2 in Short Blades
  4060 | Sewer    | Reached skill level 2 in Ranged Weapons
  4060 | Sewer    | Reached skill level 4 in Hexes
  4227 | D:4      | Reached XP level 6. HP: 29/30 MP: 11/11
  4355 | D:4      | Noticed Ijyb
  4382 | D:4      | Reached skill level 3 in Short Blades
  4382 | D:4      | Reached skill level 3 in Ranged Weapons
  4382 | D:4      | Reached skill level 5 in Hexes
  4467 | D:4      | Killed Ijyb
  4698 | D:4      | Reached skill level 4 in Ranged Weapons
  4698 | D:4      | Reached XP level 7. HP: 33/33 MP: 12/12
  4806 | D:4      | Found a snail-covered altar of Cheibriados.
  5265 | D:5      | Entered Level 5 of the Dungeon
  5288 | D:5      | Found a runed translucent door.
  5291 | D:5      | Noticed Zeldest's ghost (weakling MeDe)
  5329 | D:5      | Noticed Blork the orc
  5346 | D:5      | Reached skill level 5 in Ranged Weapons
  5351 | D:5      | Killed Blork the orc
  5352 | D:5      | Reached skill level 4 in Dodging
  5498 | D:5      | Found a sand-covered staircase.
  5516 | Ossuary  | Entered an ossuary
  5894 | Ossuary  | Reached skill level 6 in Ranged Weapons
  6103 | D:5      | Found a sacrificial altar of Ru.
  6104 | D:5      | Found a basalt altar of Yredelemnul.
  6436 | D:5      | Reached XP level 8. HP: 13/37 MP: 4/13
  6514 | D:5      | Killed Zeldest's ghost
  6553 | D:6      | Found a burning altar of Makhleb.
  6561 | D:6      | Found a staircase to the Ecumenical Temple.
  6573 | Temple   | Entered the Ecumenical Temple
  6729 | D:6      | Noticed Menkaure
  6781 | D:6      | Killed Menkaure
  6782 | D:6      | Reached skill level 7 in Ranged Weapons
  7077 | D:6      | Reached skill level 8 in Ranged Weapons
  7077 | D:6      | Reached skill level 4 in Stealth
  7343 | D:6      | Found a blossoming altar of Fedhas.
  7736 | D:6      | Found a glowing silver altar of Zin.
  7805 | D:6      | Reached skill level 5 in Stealth
  7930 | D:6      | You fall into a shaft and drop 3 floors!
  8012 | D:9      | Reached skill level 6 in Stealth
  8057 | D:9      | Reached skill level 7 in Stealth
  8077 | D:9      | Noticed a troll
  8344 | D:9      | Killed a troll
  8345 | D:9      | Reached skill level 8 in Stealth
  8426 | D:9      | Reached skill level 4 in Short Blades
  8426 | D:9      | Reached XP level 9. HP: 41/41 MP: 14/14
  8433 | D:9      | Reached skill level 5 in Short Blades
  8615 | D:9      | Reached skill level 6 in Short Blades
  8687 | D:9      | Reached skill level 7 in Short Blades
  8805 | D:9      | Reached skill level 8 in Short Blades
  8826 | D:9      | Noticed a troll
  8834 | D:9      | Killed a troll
  8835 | D:9      | Reached skill level 9 in Stealth
  8924 | D:7      | Reached skill level 10 in Stealth
  9348 | D:7      | Reached skill level 11 in Stealth
  9421 | D:7      | Noticed Duvessa
  9482 | D:7      | Killed Duvessa
  9496 | D:7      | Noticed Dowan
  9511 | D:7      | Killed Dowan
  9635 | D:7      | Reached skill level 12 in Stealth
  9711 | D:7      | Reached XP level 10. HP: 45/45 MP: 15/15
  9745 | D:7      | HP: 3/45 [steam dragon/ball of steam (17)]
 10541 | D:8      | Noticed Maggie
 10550 | D:8      | Killed Maggie
 10551 | D:8      | Reached skill level 13 in Stealth
 10581 | D:8      | Noticed Grum
 10652 | D:8      | Noticed Joseph
 10660 | D:8      | Noticed Erica
 10670 | D:8      | Killed Erica
 10671 | D:8      | Reached skill level 9 in Ranged Weapons
 10773 | D:8      | Killed Grum
 11056 | D:8      | Reached skill level 14 in Stealth
 11296 | D:8      | Identified the +5 sling "Oschowuh" {speed, rPois Will+}
 11510 | D:8      | Shot with an arrow by a centaur

Vanquished Creatures
  Erica (D:8)
  Maggie (D:8)
  2 trolls (D:9)
  A wyvern (D:9)
  4 yaks (D:9)
  Grum (D:8)
  3 steam dragons
  Menkaure (D:6)
  Duvessa (D:7)
  Pargi (Sewer)
  2 sky beasts (D:7)
  2 orc warriors (D:9)
  An ogre (D:4)
  4 wolves
  3 centaurs
  A phantom (D:4)
  2 kobold brigands (D:7)
  Blork the orc (D:5)
  5 bullfrogs
  4 scorpions
  9 wights (D:7)
  Dowan (D:7)
  4 killer bees
  7 electric eels (D:8)
  2 jellies
  5 howler monkeys
  A human zombie (Ossuary)
  2 centaur zombies (Ossuary)
  A gnoll bouda (D:6)
  A hound (D:5)
  An iron imp (D:4)
  Ijyb (D:4)
  3 iguanas
  2 orc wizards
  2 mummies (Ossuary)
  10 adders
  6 gnolls
  An ufetubus (D:6)
  An adder zombie (Ossuary)
  4 worms
  The ghost of Zeldest the Sneak, a weakling MeDe of Wu Jian (D:5)
  A dart slug (D:2)
  15 orcs
  6 endoplasms
  3 giant cockroaches
  A hobgoblin (D:2)
  7 jackals
  3 quokkas
  4 ball pythons
  5 bats
  5 frilled lizards
  6 goblins
  2 goblin zombies (Ossuary)
  10 hobgoblin zombies (Ossuary)
  22 kobolds
  11 kobold zombies (Ossuary)
  8 orc zombies (Ossuary)
  A rat (D:2)
  4 rat zombies
220 creatures vanquished.

Vanquished Creatures (others)
  A gnoll (D:7)
  An endoplasm (D:1)
  24 plants
26 creatures vanquished.

Grand Total: 246 creatures vanquished

Table legend: (Time is in decaauts)
 A = Elapsed time spent in this place.
 B = Non-inter-level travel time spent in this place.
 C = Inter-level travel time spent in this place.
 D = Time resting spent in this place.
 E = Time spent auto-exploring this place.
 F = Levels seen in this place.
 G = Mean time per level.
                   A        B        C        D        E       F      G
               +--------+--------+--------+--------+--------+-----+--------+
         Total |   8525 |   8329 |    196 |    825 |   4580 |  12 |  710.4 |
       Dungeon |   7667 |   7471 |    196 |    648 |   4316 |   9 |  851.9 |
        Temple |     90 |     90 |      0 |      0 |     79 |   1 |   90.0 |
         Sewer |    344 |    344 |      0 |    110 |    145 |   1 |  344.0 |
       Ossuary |    422 |    422 |      0 |     67 |     39 |   1 |  422.0 |
               +--------+--------+--------+--------+--------+-----+--------+

Top non-repeatable levels by time:
     D:2: 1085 daAuts
     D:7: 1046 daAuts
     D:3: 970 daAuts
     D:6: 967 daAuts
     D:1: 905 daAuts
     D:4: 745 daAuts
     D:8: 724 daAuts
     D:9: 665 daAuts
     D:5: 556 daAuts
 Ossuary: 422 daAuts
   Sewer: 344 daAuts
  Temple: 90 daAuts

Table legend:
 A = Non-vault XP
 B = Vault XP
 C = Vault XP percentage of total XP
 D = Non-vault monster count
 E = Vault monster count
 F = Vault count percentage of total count
                 A         B        C        D         E       F
            +---------+---------+-------+---------+---------+-------
      Total |    5993 |    3399 |  36.2 |     145 |      76 |  34.4
            +---------+---------+-------+---------+---------+-------
        D:1 |      28 |       0 |   0.0 |      17 |       0 |   0.0
        D:2 |      57 |       0 |   0.0 |      23 |       0 |   0.0
        D:3 |     139 |       0 |   0.0 |      18 |       0 |   0.0
        D:4 |     454 |      82 |  15.3 |       8 |       4 |  33.3
        D:5 |     229 |     151 |  39.7 |       8 |       9 |  52.9
        D:6 |     381 |     172 |  31.1 |      10 |       1 |   9.1
        D:7 |    1545 |     443 |  22.3 |      31 |       4 |  11.4
        D:8 |     947 |    2047 |  68.4 |      14 |       8 |  36.4
        D:9 |    2213 |     139 |   5.9 |      16 |       3 |  15.8
      Sewer |       0 |     155 | 100.0 |       0 |       8 | 100.0
    Ossuary |       0 |     210 | 100.0 |       0 |      39 | 100.0
            +---------+---------+-------+---------+---------+-------
